Map: Newkirk Precinct TE (Void)

Players

lIlIIlIlIIll

  • Race: Zerg Zerg
  • League: Grandmaster
  • Spawn Location: 7:00

Railgan - Winner!

  • Race: Zerg Zerg
  • League: Grandmaster
  • Spawn Location: 5:00

VOD

Have the link to the VOD?

Description

Time

  • Played on: March 15, 2017, 7:27 p.m.
  • Length: 7:53
Show
View Real Time Build Order
Export as new Build Order

lIlIIlIlIIll Zerg 

Build Orders: Hatch First 

Get SALT Encoding   

  12  0:00  Drone  
  13  0:13  Overlord  
  13  0:17  Drone  
  14  0:31  Drone x2  
  14  0:35  Drone  
  17  0:55  Hatchery  
  17  0:57  Drone  
  17  0:59  Extractor  
  16  1:13  Spawning Pool  
  16  1:16  Drone  
  16  1:20  Drone  
  16  1:24  Drone  
  18  1:28  Drone  
  19  1:39  Overlord  
  19  1:59  Queen  
  19  2:00  Metabolic Boost  
  21  2:06  Queen  
  21  2:08  Zergling x2  
  24  2:10  Zergling x2  
  24  2:13  Zergling x2  
  26  2:16  Zergling x2  
  26  2:22  Zergling x2  
  28  2:24  Zergling x2  
  29  2:33  Zergling x2  
  29  2:35  Queen  
  29  2:37  Zergling x2  
  33  2:42  Overlord  
  33  2:48  Zergling x2  
  34  2:53  Zergling x2  
  35  2:58  Zergling x2  
  35  3:07  Zergling x4  
  35  3:10  Zergling x4  
  35  3:11  Zergling x2  
  35  3:12  Zergling x2  
  41  3:15  Drone  
  41  3:16  Drone  
  41  3:19  Drone  
  44  3:32  Drone  
  44  3:36  Drone  
  42  3:43  Drone x3  
  42  3:48  Spine Crawler  
  43  3:50  Drone  
  43  3:56  Queen  
  43  4:03  Drone  
  43  4:09  Overlord  
  43  4:13  Overlord  
  43  4:22  Roach Warren, Overlord  
  42  4:26  Drone  
  42  4:29  Drone  
  42  4:30  Drone x3  
  42  4:31  Drone x3  
  50  4:36  Drone x2  
  52  4:43  Drone x2  
  53  4:49  Drone  
  53  4:50  Drone x2  
  56  4:54  Overlord  
  56  4:58  Overlord  
  56  5:00  Extractor x2  
  56  5:01  Drone  
  56  5:05  Evolution Chamber  
  55  5:07  Drone  
  55  5:14  Roach  
  57  5:16  Roach  
  59  5:22  Roach x3  
  65  5:39  Hatchery  
  65  5:40  Drone x4  
  68  5:45  Zerg Missile Weapons Level 1  
  68  5:48  Extractor, Evolution Chamber  
  61  5:50  Drone x3  
  61  5:52  Overlord  
  61  5:56  Lair, Drone  
  64  5:59  Overlord  
  64  6:08  Queen  
  66  6:15  Overlord  
  63  6:31  Drone x4  
  67  6:34  Drone x5  
  72  6:48  Overlord  
  72  6:50  Roach x3  
  78  7:00  Roach x3  
  84  7:05  Roach x2  
  88  7:08  Roach  
  88  7:14  Roach  
  88  7:15  Roach x2  
  94  7:21  Roach, Zergling x2  
  90  7:27  Zergling x2  
  90  7:28  Zergling x4  
  89  7:33  Roach, Zergling x2  
Show
View Real Time Build Order
Export as new Build Order

Railgan Zerg - Winner!

Build Orders: Hatch First 

Get SALT Encoding   

  12  0:00  Drone  
  13  0:13  Overlord  
  13  0:18  Drone  
  14  0:31  Drone x2  
  14  0:34  Drone  
  17  0:54  Hatchery  
  17  0:56  Drone  
  17  0:59  Drone  
  18  1:13  Spawning Pool  
  18  1:14  Extractor  
  18  1:17  Drone  
  17  1:20  Drone  
  18  1:31  Drone  
  19  1:44  Overlord  
  19  1:59  Queen  
  19  2:01  Zergling x2  
  22  2:03  Drone  
  22  2:07  Queen  
  25  2:09  Drone  
  25  2:12  Drone  
  27  2:18  Drone  
  27  2:19  Metabolic Boost  
  27  2:22  Drone  
  29  2:30  Drone  
  29  2:34  Drone  
  31  2:38  Queen  
  31  2:39  Baneling Nest  
  31  2:42  Overlord  
  32  2:47  Drone  
  33  2:55  Zergling x2  
  33  2:56  Drone  
  35  3:00  Zergling x2  
  35  3:05  Zergling x2  
  36  3:09  Zergling x4  
  36  3:10  Zergling x2  
  39  3:14  Zergling x2  
  40  3:23  Baneling x4, Zergling x2  
  40  3:24  Zergling x6  
  44  3:28  Baneling  
  44  3:31  Zergling x2  
  38  3:50  Zergling x2  
  38  3:58  Baneling x2  
  38  4:01  Zergling x2  
  38  4:02  Zergling x2  
  39  4:14  Drone x2  
  39  4:15  Drone x2  
  39  4:16  Overlord  
  43  4:18  Extractor  
  43  4:21  Drone  
  43  4:22  Roach Warren, Overlord  
  42  4:24  Lair, Evolution Chamber  
  41  4:32  Drone  
  41  4:33  Drone  
  41  4:36  Extractor  
  42  4:44  Drone x5  
  46  4:46  Drone  
  46  4:49  Drone x2  
  46  4:50  Drone  
  49  4:56  Zerg Missile Weapons Level 1  
  49  5:00  Drone x3  
  49  5:04  Drone  
  53  5:07  Overlord  
  53  5:18  Overlord  
  53  5:19  Overlord  
  53  5:20  Overlord  
  53  5:27  Roach x3  
  59  5:38  Roach  
  59  5:39  Roach x3  
  59  5:42  Glial Reconstitution  
  65  5:47  Roach  
  65  5:48  Roach  
  70  5:50  Roach  
  70  6:01  Hatchery  
  70  6:02  Overlord  
  69  6:05  Roach  
  69  6:08  Roach  
  69  6:11  Roach  
  75  6:16  Roach x2  
  79  6:22  Roach  
  79  6:23  Roach x2  
  84  6:26  Overlord  
  83  6:33  Overlord  
  83  6:39  Baneling x5  
  83  6:43  Overlord  
  83  6:46  Roach x3  
  89  6:52  Roach x3  
  95  6:58  Roach x2  
  99  7:03  Roach x2  
  101  7:19  Roach  
  101  7:20  Roach x4  
  111  7:23  Ravager  
  111  7:26  Roach  
  112  7:32  Roach x2  
  112  7:34  Roach  
Tags
 
Add a new tag
Caveats
  • Supply blocks, unpowered buildings, or Contaminate may cause inaccurate times.
  • Supply counts are checked every 10 seconds.